 Dungeon Crawl Stone Soup version 0.31-a0-188-g5e087ee2ca (webtiles) character file.

Game seed: 4492087079531281911

25 qw the Shooter (level 2, 0/16 HPs)
             Began as a Deep Elf Hunter on June 23, 2023.
             Succumbed to their own poison gas
             ... on level 1 of the Dungeon.
             The game lasted 00:00:15 (838 turns).

qw the Shooter (Deep Elf Hunter)                     Turns: 838, Time: 00:00:15

Health: 0/16       AC:  3    Str:  7    XL:     2   Next: 82%
Magic:  4/4        EV: 12    Int: 17    God:
Gold:   38         SH:  0    Dex: 17    Spells: 1/1 levels left

rFire   . . .        Y - +0 shortbow
rCold   . . .        (shield currently unavailable)
rNeg    . . .        c - +0 leather armour
rPois   .            (helmet restricted)
rElec   .            (no cloak)
rCorr   .            (no gloves)
SInv    .            (no boots)
Will    .....        (no amulet)
Stlth   ++           (no ring)
HPRegen 0.22/turn    (no ring)
MPRegen 0.09/turn

%: no passive effects
@: lethally poisoned (0 -> -2)
A: antennae 1, hooves 1, clever 1
a: no special abilities


You were on level 1 of the Dungeon.
You visited 1 branch of the dungeon, and saw 1 of its levels.

You collected 38 gold pieces.


Innate Abilities, Weirdness & Mutations

You have a pair of small antennae on your head.
You have large cloven feet.
Your mind is acute. (Int +4, Str/Dex -1)


   Skills:
 - Level 1.5 Fighting
 + Level 6.5 Ranged Weapons
 - Level 2.4 Dodging
 - Level 1.2 Stealth


You had one spell level left.
You didn't know any spells.
Your spell library was empty.

Inventory:

Hand Weapons
 Y - a +0 shortbow (weapon)
Armour
 c - a +0 leather armour (worn)
Scrolls
 a - a scroll of teleportation
 f - a scroll of identify
Potions
 e - a potion of mutation
 h - a potion of enlightenment

Dungeon Overview and Level Annotations

Branches:
Dungeon (1/15)

Altars:


Message History

Partly explored, can't reach some places.
829 ||| READING 2 scrolls of identify.
As you read the scroll of identify, it crumbles to dust.
h - a potion of enlightenment
829 ||| IDENTIFYING viscous purple potion Partly explored, can't reach some places.
830 ||| DROPPING scroll of butterflies.
You drop a scroll of butterflies.
Partly explored, can't reach some places.
(D) Dungeon
Where to? (* - list waypoints, ? - help)
What level of the Dungeon? (default 1, ? - help) Sorry, I don't know how to get there.
Enter note:
Enter note:
Enter note:
Enter note:
Enter note:
Enter note:
Enter note:
Enter note:
Enter note: Really walk into that cloud of poison gas?
You are engulfed in poison gas.
You are lethally poisoned!
You feel very sick.
832 ||| Stepping ~*~*~tactically~*~*~ (cloud).
You feel very sick.
You see here a scroll of butterflies.
There is a lethal amount of poison in your body!
You feel very sick.
There is a lethal amount of poison in your body!
You feel sick.
There is a lethal amount of poison in your body!
You feel sick.
There is a lethal amount of poison in your body!
You feel sick.
There is a lethal amount of poison in your body!
You feel sick.
There is a lethal amount of poison in your body!
You die...

#.............# #....
##.............# #..##
##...#####......# #..#
#..#..####.#...#####..#
#
#.###......##.........#
#
#..#..####.#########.##
# ##...## #.# #.# #
#########0# #%###
##############¤0@0.0#
#)##.
#.........¤00.¤####¤#
#.).. #.###########..#
#.# ######. #.# #..#
#.# #...... #.# #..#
#.# #.##### #>#
#######..# #.# #)# #.#
#........# #.# #.# ..#
#.#####.## #.# #####%#
..# #.### #.# #.#
#.....#


There were no monsters in sight!

Vanquished Creatures
  A dart slug (D:1)
  2 ball pythons (D:1)
  3 endoplasms (D:1)
  A giant cockroach (D:1)
  3 goblins (D:1)
  3 hobgoblins (D:1)
  A bat (D:1)
  4 frilled lizards (D:1)
  3 kobolds (D:1)
  A rat (D:1)
22 creatures vanquished.

Notes
Turn   | Place    | Note
-------+----------+-------------------------------------------
     0 | D:1      | qw the Deep Elf Hunter began the quest for the Orb.
     0 | D:1      | Reached XP level 1. HP: 12/12 MP: 3/3
     0 | D:1      | 0 ||| qw: Version: 0.3-a-9-g12657ce
     0 | D:1      | 0 ||| qw: Game counter: 4220
     0 | D:1      | 0 ||| qw: Always use a shield: true
     0 | D:1      | 0 ||| qw: God list: Okawaru
     0 | D:1      | 0 ||| qw: Allow faded altars: false
     0 | D:1      | 0 ||| qw: Do Orc after D:15 true
     0 | D:1      | 0 ||| qw: Do second Lair branch before Depths: true
     0 | D:1      | 0 ||| qw: Lair rune preference: random
     0 | D:1      | 0 ||| qw: Plans: Normal
     0 | D:1      | 0 ||| PLANNING D:1-11
    96 | D:1      | Reached XP level 2. HP: 16/16 MP: 4/4
   106 | D:1      | Reached skill level 6 in Ranged Weapons
   794 | D:1      | 794 ||| READING 2 scrolls labelled FEHOSI BECAXO.
   826 | D:1      | 826 ||| READING 3 scrolls labelled CANUSOD SESTRIW.
   827 | D:1      | 827 ||| READING scroll labelled YLAOMURUVI.
   828 | D:1      | 828 ||| DRINKING 2 smoky inky potions.
   828 | D:1      | Gained mutation: Your mind is acute. (Int +4, Str/Dex -1)
                  | [potion of mutation]
   828 | D:1      | Gained mutation: You have a pair of small antennae on your
                  | head. [potion of mutation]
   828 | D:1      | Gained mutation: You have large cloven feet. [potion of
                  | mutation]
   829 | D:1      | 829 ||| READING 2 scrolls of identify.
   829 | D:1      | 829 ||| IDENTIFYING viscous purple potion
   830 | D:1      | 830 ||| DROPPING scroll of butterflies.
   832 | D:1      | 832 ||| Stepping ~*~*~tactically~*~*~ (cloud).
   834 | D:1      | HP: 4/16 [poisoned by you (poison gas)]
   837 | D:1      | HP: 1/16 [poisoned by you (poison gas)]
   838 | D:1      | Succumbed to their own poison gas

Levels and vault maps discovered:
D:1:      dpeg_arrival_tiny_h, layout_loops_ring, minmay_liquid_box

Skill      XL: |  1  2 |
---------------+-------+-----
Ranged Weapons | 6 |  6.5
Fighting       | |  1.5
Dodging        | |  2.4
Stealth        | |  1.2

Action                     || total
---------------------------++-------
   Fire: Shortbow          ||    48
    Use: Scroll            ||     4
         Potion            ||     1
  Dodge: Dodged            ||     6

Table legend:
 A = Non-vault XP
 B = Vault XP
 C = Vault XP percentage of total XP
 D = Non-vault monster count
 E = Vault monster count
 F = Vault count percentage of total count
                 A         B        C        D         E       F
            +---------+---------+-------+---------+---------+-------
      Total |      36 |       0 |   0.0 |      22 |       0 |   0.0
            +---------+---------+-------+---------+---------+-------
        D:1 |      36 |       0 |   0.0 |      22 |       0 |   0.0
            +---------+---------+-------+---------+---------+-------
